 Dungeon Crawl Stone Soup version 0.28-a0-664-gc179e30c89 (webtiles) character file.

Game seed: 10915171976015915517

42 Dvallin the Caller (level 3, -1/20 HPs)
             Began as a Kobold Summoner on Oct 16, 2021.
             Slain by a jackal (3 damage)
             ... on level 2 of the Dungeon.
             The game lasted 00:03:10 (2507 turns).

Dvallin the Caller (Kobold Summoner)                Turns: 2507, Time: 00:03:10

Health: -1/20      AC:  2    Str:  6    XL:     3   Next: 80%
Magic:  6/6        EV: 15    Int: 16    God:
Gold:   42         SH:  0    Dex: 15    Spells: 3/6 levels left

rFire   . . .      SeeInvis .   b - +0 short sword
rCold   . . .      Faith    .   (shield restricted)
rNeg    . . .      Spirit   .   a - +0 robe
rPois   .          Reflect  .   (no helmet)
rElec   .          Harm     .   (no cloak)
rCorr   .          Rampage  .   (no gloves)
Will    .....                   (no boots)
Stlth   +++.......              (no amulet)
HPRegen 0.06/turn               h - ring of wizardry
MPRegen 0.10/turn               (no ring)

@: no status effects
A: small, no large weapons, nightstalker 3
a: no special abilities


You were on level 2 of the Dungeon.
You visited 1 branch of the dungeon, and saw 2 of its levels.

You collected 42 gold pieces.

Inventory:

Hand Weapons
 b - a +0 short sword (weapon)
Armour
 a - a +0 robe (worn)
Jewellery
 h - a ring of wizardry (left hand)
Scrolls
 c - a scroll of vulnerability {unknown}
 d - 2 scrolls of teleportation {unknown}
 e - 2 scrolls of amnesia {unknown}
 f - a scroll of identify {unknown}
Potions
 g - a potion of berserk rage {unknown}
 i - a potion of might {unknown}
 j - a potion of curing {unknown}


   Skills:
 + Level 1.3 Fighting
 + Level 3.0 Dodging
 + Level 3.4 Stealth
 - Level 2.1 Spellcasting
 * Level 4.5 Summonings


You had 3 spell levels left.
You knew the following spells:

 Your Spells              Type           Power      Damage    Failure   Level
a - Summon Small Mammal   Summ           64%        N/A       1%          1
b - Call Imp              Summ           16%        N/A       1%          2

Your spell library contained the following spells:

 Spells                   Type           Power      Damage    Failure   Level
 Call Canine Familiar     Summ           16%        N/A       4%          3
 Summon Guardian Golem    Hex/Summ       8%         N/A       10%         3
 Summon Lightning Spire   Summ/Air       8%         N/A       32%         4


Dungeon Overview and Level Annotations

Branches:
Dungeon (2/15)

Altars:


Innate Abilities, Weirdness & Mutations

You are small and have problems with some larger weapons.
You are completely attuned to the shadows.


Message History

You hit the jackal.
The jackal is almost dead.
The jackal closely misses you.
Your crimson imp blinks!
The jackal closely misses you.
You closely miss the jackal.
The jackal is almost dead.
The jackal bites you but does no damage.
You completely miss the jackal.
The jackal is almost dead.
The jackal completely misses you.
Your crimson imp blinks!
The jackal bites you but does no damage.
You barely miss the jackal.
The jackal is almost dead.
The jackal closely misses you.
You miss the jackal.
The jackal is almost dead.
The jackal bites you but does no damage.
The jackal misses you.
You barely miss the jackal.
The jackal is almost dead.
The jackal bites you but does no damage.
Your crimson imp hits the jackal.
The jackal barely misses you.
You hit the jackal.
You kill the jackal!
Your crimson imp blinks!
The jackal bites you.
You barely miss the jackal. The jackal closely misses you.
You hit the jackal but do no damage. The jackal bites you.
* * * LOW HITPOINT WARNING * * *
The jackal bites you.
* * * LOW HITPOINT WARNING * * *
You barely miss the jackal. The jackal misses you.
Your crimson imp closely misses the jackal.
You miss the jackal. The jackal bites you.
* * * LOW HITPOINT WARNING * * *
Your crimson imp closely misses the jackal.
The jackal bites you.
You die...

###...#
......#
.#.#..#
.....h#######
.#.#5hh@....#
.....####.#.#
....## #.#.##
#.## #....#
#. ##.#.#.##
#..#.##.##
#.#........
##.##.##.#
### ##.#...##


You could see 3 jackals and a friendly crimson imp (summoned).

Vanquished Creatures
  A worm (D:2)
  A dart slug (D:1)
  An endoplasm (D:2)
  A giant cockroach (D:1)
  2 goblins (D:1)
  7 jackals
  A quokka (D:1)
  A ball python (D:1)
  2 bats (D:1)
  A frilled lizard (D:1)
  A kobold (D:1)
  4 rats (D:1)
23 creatures vanquished.

Vanquished Creatures (collateral kills)
  2 ball pythons (D:1)
  An endoplasm (D:1)
  A goblin (D:1)
  2 hobgoblins (D:2)
  2 jackals (D:1)
  2 kobolds (D:1)
  A frilled lizard (D:1)
  A rat (D:2)
12 creatures vanquished.

Grand Total: 35 creatures vanquished

Notes
Turn   | Place    | Note
-------+----------+-------------------------------------------
     0 | D:1      | Dvallin the Kobold Summoner began the quest for the Orb.
     0 | D:1      | Reached XP level 1. HP: 10/10 MP: 3/3
   373 | D:1      | Reached XP level 2. HP: 14/16 MP: 5/5
   953 | D:1      | Reached XP level 3. HP: 20/20 MP: 4/6
  1013 | D:1      | Reached skill level 1 in Fighting
  1080 | D:1      | Learned a level 2 spell: Call Imp
  2507 | D:2      | Slain by a jackal

Illustrated notes

Levels and vault maps discovered:
D:1:      lightli_arrival_statuegarden, layout_loops_corners
D:2:      layout_loops_ring, basic_ecumenical_altar, minmay_misc_feat_diagonals,
          minmay_fountain_box, glass_columns_a

Skill      XL: |  1  2  3 |
---------------+----------+-----
Stealth        | 3 |  3.4
Fighting       | 1 |  1.3
Dodging        | 3 |  3.0
Spellcasting   | |  2.1
Summonings     | |  4.5

Action                   || total
-------------------------++-------
Melee: Short sword       ||   151
 Cast: Summon Small Mamm ||    18
       Call Imp          ||    10
 Stab: Sleeping          ||    11
Armor: Robe              ||    28
Dodge: Dodged            ||   132

Table legend: (Time is in decaauts)
 A = Elapsed time spent in this place.
 B = Non-inter-level travel time spent in this place.
 C = Inter-level travel time spent in this place.
 D = Time resting spent in this place.
 E = Time spent auto-exploring this place.
 F = Levels seen in this place.
 G = Mean time per level.
                   A        B        C        D        E       F      G
               +--------+--------+--------+--------+--------+-----+--------+
         Total |   2522 |   2465 |     57 |    302 |   1826 |   2 | 1261.0 |
       Dungeon |   2522 |   2465 |     57 |    302 |   1826 |   2 | 1261.0 |
               +--------+--------+--------+--------+--------+-----+--------+

Top non-repeatable levels by time:
     D:1: 2044 daAuts
     D:2: 478 daAuts
